 Dungeon Crawl Stone Soup version 0.31-a0-1-g4198be8af4 (webtiles) character file.

Game seed: 16307329491421907309

20 Ic0nGaming the Cutter (level 3, -2/21 HPs)
             Began as a Kobold Gladiator on May 1, 2023.
             Frozen to death by an endoplasm (3 damage)
             ... on level 2 of the Dungeon.
             The game lasted 00:01:48 (1053 turns).

Ic0nGaming the Cutter (Kobold Gladiator)            Turns: 1053, Time: 00:01:49

Health: -2/21      AC:  4    Str: 11    XL:     3   Next: 0%
Magic:  3/3        EV: 15    Int:  9    God:
Gold:   55         SH:  0    Dex: 18    Spells: 2/2 levels left

rFire   . . .        a - +0 rapier
rCold   . . .        (no shield)
rNeg    . . .        b - +0 leather armour
rPois   .            c - +0 helmet
rElec   .            (no cloak)
rCorr   .            (no gloves)
SInv    .            (no boots)
Will    .....        (no amulet)
Stlth   +++          (no ring)
HPRegen 0.23/turn    (no ring)
MPRegen 0.08/turn

%: no passive effects
@: no status effects
A: small, no large weapons, nightstalker 3
a: no special abilities


You were on level 2 of the Dungeon.
You visited 1 branch of the dungeon, and saw 2 of its levels.

You collected 55 gold pieces.

Inventory:

Hand Weapons
 a - a +0 rapier (weapon)
Missiles
 d - 3 throwing nets (quivered)
 e - 2 boomerangs
 f - 4 poisoned darts
Armour
 b - a +0 leather armour (worn)
 c - a +0 helmet (worn)
Scrolls
 g - a scroll of magic mapping {unknown}
 h - a scroll of identify {unknown}
 i - a scroll of immolation {unknown}
Potions
 j - a potion of attraction {unknown}
 k - a potion of haste {unknown}


   Skills:
 - Level 2.1 Fighting
 + Level 4.7 Short Blades
 - Level 2.1 Throwing
 - Level 3.6 Dodging
 + Level 2.3 Stealth


You had 2 spell levels left.
You didn't know any spells.
Your spell library was empty.

Dungeon Overview and Level Annotations

Branches:
Dungeon (2/15)

Altars:


Innate Abilities, Weirdness & Mutations

You are small and have problems with some larger weapons.
You are completely attuned to the shadows.


Message History

You start resting.
HP restored.
There is a stone staircase leading down here.
You climb downwards.
The ball python completely misses you. The ball python grabs you.
The ball python constricts you. The endoplasm misses you. The worm bites you.
There is a stone staircase leading up here.
Unknown command.
The ball python's grasp on you weakens, but your attempt to escape fails.
The ball python bites you but does no damage.
The ball python constricts you. The endoplasm closely misses you.
Unknown command.
You hit the ball python.
The ball python is severely wounded.
The ball python barely misses you. The ball python constricts you.
The worm bites you!
* * * LOW HITPOINT WARNING * * *
The endoplasm barely misses you. The ball python closely misses you.
The ball python constricts you.
You hit the ball python.
You kill the ball python!
The endoplasm closely misses you. The worm misses you.
You have reached level 3!
Your experience leads to an increase in your attributes!
Increase (S)trength, (I)ntelligence, or (D)exterity?
You feel agile. x2
You barely miss the endoplasm. The endoplasm freezes you.
You are frozen.
* * * LOW HITPOINT WARNING * * *
You hit the endoplasm.
The endoplasm is severely wounded.
The endoplasm hits you.
* * * LOW HITPOINT WARNING * * *
The endoplasm attacks as you move away! The endoplasm closely misses you.
You hit the endoplasm.
The endoplasm is almost dead.
The endoplasm freezes you.
You are frozen.
You die...

...#
...........##
............#
............#
..........J@#
...[.!..w...#
....<.......#
..!........##
....#.....##
.##########


You could see a worm and an endoplasm.

Vanquished Creatures
  A dart slug (D:1)
  2 ball pythons
  An endoplasm (D:1)
  A giant cockroach (D:1)
  A goblin (D:1)
  5 hobgoblins (D:1)
  2 bats (D:1)
  A frilled lizard (D:1)
  A kobold (D:1)
  2 rats (D:1)
17 creatures vanquished.

Notes
Turn   | Place    | Note
-------+----------+-------------------------------------------
     0 | D:1      | Ic0nGaming the Kobold Gladiator began the quest for the
                  | Orb.
     0 | D:1      | Reached XP level 1. HP: 12/12 MP: 1/1
   145 | D:1      | Reached skill level 1 in Stealth
   187 | D:1      | Reached XP level 2. HP: 17/17 MP: 2/2
  1044 | D:2      | Reached XP level 3. HP: 4/21 MP: 3/3
  1050 | D:2      | HP: 1/21 [endoplasm (3)]
  1053 | D:2      | Frozen to death by an endoplasm

Illustrated notes

Levels and vault maps discovered:
D:1:      nzn_arrival_settlement, layout_basic, roderic_lattice_a
D:2:      layout_rooms, minmay_pentomino_t2

Skill      XL: |  1  2 |
---------------+-------+-----
Stealth        | 1 2 |  2.3
Fighting       | |  2.1
Short Blades   | |  4.7
Throwing       | |  2.1
Dodging        | |  3.6

Action                     || total
---------------------------++-------
  Melee: Rapier            ||    51
         Punch             ||     1
   Stab: Sleeping          ||     5
 Armour: Leather armour    ||     6
  Dodge: Dodged            ||    46

Table legend: (Time is in decaauts)
 A = Elapsed time spent in this place.
 B = Non-inter-level travel time spent in this place.
 C = Inter-level travel time spent in this place.
 D = Time resting spent in this place.
 E = Time spent auto-exploring this place.
 F = Levels seen in this place.
 G = Mean time per level.
                   A        B        C        D        E       F      G
               +--------+--------+--------+--------+--------+-----+--------+
         Total |   1053 |   1030 |     23 |     47 |    842 |   2 |  526.5 |
       Dungeon |   1053 |   1030 |     23 |     47 |    842 |   2 |  526.5 |
               +--------+--------+--------+--------+--------+-----+--------+

Top non-repeatable levels by time:
     D:1: 1034 daAuts
     D:2: 18 daAuts
